 Dungeon Crawl Stone Soup version 0.32-a0-572-g3e1049b (webtiles) character file.

Game seed: 18178013530267275107

88 Dorkslayer the Shield-Bearer (level 4, -2/31 HPs)
             Began as an Octopode Fighter on Feb 29, 2024.
             Killed by an exploding hobgoblin (33 damage)
             ... ignited by their inner flame
             ... on level 3 of the Dungeon on Mar 1, 2024.
             The game lasted 00:05:40 (1572 turns).

Dorkslayer the Shield-Bearer (Octopode Fighter)     Turns: 1572, Time: 00:05:41

Health: -2/31      AC:  1    Str: 15    XL:     4   Next: 53%
Magic:  4/4        EV: 12    Int: 10    God:
Gold:   93         SH: 10    Dex: 13    Spells: 3/3 levels left

rFire   . . .        a - +0 long sword
rCold   . . .        j - +2 kite shield
rNeg    . . .        (helmet restricted)
rPois   .            k - amulet of the acrobat
rElec   .            (no ring)
rCorr   .            (no ring)
SInv    .            (no ring)
Will    .....        (no ring)
Stlth   +++          (no ring)
HPRegen 0.25/turn    (no ring)
MPRegen 0.09/turn    (no ring)
                     (no ring)

%: acrobat
@: no status effects
A: almost no armour, amphibious, 8 rings, camouflage 1, gelatinous body 1,
(nimble swimmer 1), tentacles
a: no special abilities


You were on level 3 of the Dungeon.
You visited 1 branch of the dungeon, and saw 3 of its levels.

You collected 142 gold pieces.
You spent 49 gold pieces at shops.

Inventory:

Hand Weapons
 a - a +0 long sword (weapon)
Missiles
 b - 6 boomerangs (quivered)
Armour
 j - a +2 kite shield (worn)
Jewellery
 h - an amulet of faith
 k - an amulet of the acrobat (around mantle)
Scrolls
 e - a scroll of blinking {unknown}
 f - a scroll of identify {unknown}
 l - a scroll of teleportation {unknown}
Potions
 c - a potion of might
 d - a potion of mutation {unknown}
 m - a potion of curing {unknown}


   Skills:
 + Level 3.4 Fighting
 + Level 2.7 Long Blades
 + Level 3.4 Dodging
 + Level 2.8 Stealth
 + Level 3.4 Shields


You had 3 spell levels left.
You didn't know any spells.
Your spell library contained the following spells:

 Spells                   Type           Power      Damage    Failure   Level
 Call Canine Familiar     Summ           0%         N/A       98%         3
 Sigil of Binding         Hex            0%         N/A       98%         3
 Dimensional Bullseye     Hex/Tloc       0%         N/A       100%        4


Dungeon Overview and Level Annotations

Branches:
Dungeon (3/15)

Altars:

Shops:
D:1 [


Innate Abilities, Weirdness & Mutations

You cannot wear most types of armour.
You are amphibious.
You can wear up to eight rings at the same time.
Your skin changes colour to match your surroundings (Stealth+).
Your rubbery body absorbs attacks. (AC +1, EV +1)
((You are camouflaged when in or above water. (Stealth+)))
You have tentacles for arms and can constrict up to eight enemies at once.


Message History

The adder is severely wounded.
You constrict the adder.
You kill the adder!
There is a stone staircase leading down here.
There is a stone staircase leading down here.
Done exploring.
You see here 8 stones.
You see here a frilled lizard skeleton.
There is a stone staircase leading up here.
There is a stone staircase leading down here.
You climb downwards.
There is a stone staircase leading up here.
As you read the scroll labelled ADEETZURAN, it crumbles to dust.
It is a scroll of enchant armour.
Your +0 kite shield glows green for a moment.
As you read the scroll of enchant armour, it crumbles to dust.
Your +1 kite shield glows green for a moment.
As you read the scroll labelled QOFARCHAULA, it crumbles to dust.
The creatures around you are filled with an inner flame!
It was a scroll of immolation.
Throw: 6 boomerangs
Press: ? - help, Q - select action Shift-Dir - straight line, f - hobgoblin
Aim: a hobgoblin (inner flame, asleep, 98% to hit)
You throw a boomerang.
The boomerang hits the hobgoblin but does no damage.
The hobgoblin shouts!
Throw: 6 boomerangs
Press: ? - help, Q - select action Shift-Dir - straight line, f/p - hobgoblin
Aim: a hobgoblin (inner flame, 54% to hit)
You throw a boomerang.
The boomerang hits the hobgoblin but does no damage.
Unknown command.
You hit the hobgoblin.
Flame seeps out of the hobgoblin.
Your grab misses the hobgoblin.
The hobgoblin is moderately wounded.
The hobgoblin is engulfed in blazing flames.
The hobgoblin explodes!
The fiery explosion engulfs you!!
Ouch! That really hurt!
You die...

. ...
#..####
#..§○@#
#.###§#
#.# #.#
#.# #.#
... #.#


There were no monsters in sight!

Vanquished Creatures
  Natasha (D:2)
  An adder (D:2)
  5 dart slugs
  2 ball pythons (D:1)
  4 bats
  3 endoplasms
  3 giant cockroaches (D:2)
  5 goblins
  4 hobgoblins
  4 kobolds
  A quokka (D:2)
  7 frilled lizards
  5 rats
45 creatures vanquished.

Notes
Turn   | Place    | Note
-------+----------+-------------------------------------------
     0 | D:1      | Dorkslayer the Octopode Fighter began the quest for the
                  | Orb.
     0 | D:1      | Reached XP level 1. HP: 16/16 MP: 1/1
   102 | D:1      | Reached XP level 2. HP: 18/21 MP: 2/2
   655 | D:1      | Found Zeunwail's Armour Emporium.
   663 | D:1      | Bought a +0 kite shield for 49 gold pieces
   767 | D:2      | Upgraded the game from 0.32-a0-558-g233958a to
                  | 0.32-a0-572-g3e1049b
   767 | D:2      | Reached XP level 3. HP: 24/26 MP: 3/3
   817 | D:2      | Reached skill level 1 in Stealth
  1351 | D:2      | Noticed Natasha
  1354 | D:2      | Killed Natasha
  1355 | D:2      | Reached XP level 4. HP: 31/31 MP: 4/4
  1572 | D:3      | Killed by an exploding hobgoblin... ignited by their inner
                  | flame

Illustrated notes

Levels and vault maps discovered:
D:1:      roderic_dead_forest, layout_loops_ring, serial_shops, shop
D:2:      layout_loops_ring, grunt_decor_junction, minivault_14, uniq_natasha
D:3:      layout_basic, zin_academy, mainiacjoe_overflow_alcove_2,
          serial_corexii_hall, corexii_hall_statues_l,
          chequers_hall_statues_corner_a, hangedman_abyss_or_decor_stabs,
          uniq_terence

Skill      XL: |  1  2  3 |
---------------+----------+-----
Stealth        | 2 |  2.8
Fighting       | |  3.4
Long Blades    | |  2.7
Dodging        | |  3.4
Shields        | |  3.4

Action                     |  1- 3 |  4- 6 || total
---------------------------+-------+-------++-------
  Melee: Long sword        |    62 |     4 ||    66
         Constrict         |    14 |     1 ||    15
         Tentacles         |    13 |       ||    13
  Throw: Boomerang         |       |     2 ||     2
    Use: Scroll            |     2 |     3 ||     5
   Stab: Sleeping          |    14 |     1 ||    15
 Armour: Skin              |    21 |     2 ||    23
  Dodge: Dodged            |    22 |     2 ||    24
  Block: Buckler           |     4 |       ||     4
         Kite shield       |    12 |     1 ||    13

Table legend: (Time is in decaauts)
 A = Elapsed time spent in this place.
 B = Non-inter-level travel time spent in this place.
 C = Inter-level travel time spent in this place.
 D = Time resting spent in this place.
 E = Time spent auto-exploring this place.
 F = Levels seen in this place.
 G = Mean time per level.
                   A        B        C        D        E       F      G
               +--------+--------+--------+--------+--------+-----+--------+
         Total |   1599 |   1599 |      0 |      0 |    978 |   3 |  533.0 |
       Dungeon |   1599 |   1599 |      0 |      0 |    978 |   3 |  533.0 |
               +--------+--------+--------+--------+--------+-----+--------+

Top non-repeatable levels by time:
     D:2: 829 daAuts
     D:1: 762 daAuts
     D:3: 6 daAuts
